Cogmind - Beta 13 X1 @@@ ROGUE MODE // 2023.12.11 @ 14:48:19 Player: VR-DUX Result: Destroyed by S-27 Virus with Autogun Performance ------------- Evolutions (5) 2500 Regions Visited (20) 4000 Robots Destroyed (93) 465 Value Destroyed (2803) 2803 Prototype IDs (41) 820 Alien Tech Used (1) 200 Bonus (2921) 2921 TOTAL SCORE: 13709 Bonus ------- High Alert Combat Kills 18 Follower Combat Kills 1077 Aligned with FarCom 300 Met Data Miner 300 Met Imprinter 300 Triggered Deep Caves Wall 500 Exposed GOLEM Chamber 500 Friendly Fire -74 Cogmind --------- Core Integrity 0/1000 Matter 204/300 Energy 100/100 System Corruption 13% Temperature Cool (0) Movement Walking (180) Ox1 Location -5/Upper Caves Parts ------- > --- POWER (2) -------- Assembled Flux Generator > --- PROPULSION (6) --- Assembled Alloy Leg > --- UTILITY (7) ------ Assembled Nanovents Improved Signal Interpreter > --- WEAPON (3) ------- (None) > --- INVENTORY (5) ---- Energy Filter Improved Heavy Armor Plating GOLEM Unit Peak State ------------ > --- POWER ------------ Assembled Flux Generator > --- PROPULSION ------- Improved Medium Treads Improved Medium Treads Improved Medium Treads Improved Medium Treads Improved Heavy Siege Treads > --- UTILITY ---------- Assembled Nanovents High-capacity Storage Unit Assembled Biocell Array Advanced Sensor Array Improved Signal Interpreter GOLEM Unit > --- WEAPON ----------- Assembled Focal Cannon Assembled Focal Cannon Heavy Flail > --- INVENTORY -------- Improved Deuterium Engine Fission Core Light Fission Core Advanced Heat Sink Machine Analyzer Energy Filter Cloaking Device Hardened Light Armor Plating Hardened Light Armor Plating Improved Medium Armor Plating Improved Heavy Armor Plating Drone Bay GOLEM Unit Guided Plasma Cannon Heavy Assault Rifle Improved Grenade Launcher CR-A16's Pointy Stick [Rating: 125] Favorites ----------- Power Ion Engine Engine Ion Engine Power Core Fission Core Reactor Antimatter Reactor Propulsion Heavy Treads Treads Heavy Treads Leg Improved Aluminum Leg Wheel Wheel Flight Unit Improved VTOL Module Utility High-capacity Storage Unit Device Structural Scanner Storage High-capacity Storage Unit Processor Improved Signal Interpreter Hackware Hacking Suite Protection Hardened Light Armor Plating Weapon Heavy Flail Energy Gun EM Pulse Gun Energy Cannon Guided Plasma Cannon Ballistic Gun AWS/Gauss Ballistic Cannon Improved Light Cannon Launcher Improved Grenade Launcher Special Weapon Molecular Deconstructor Impact Weapon Heavy Flail Piercing Weapon CR-A16's Pointy Stick Build | -11 -10 -10 -10 -9 -8 -7 -7 -7 -7 -7 -6 -6 -6 -6 -6 -6 -6 -5 -5 -5 ------- Run | Jun Mat Min Exi Min Mat Fac Low Low Zio Dee Pro Fac Was Fac Low Low Dat Pro Fac Upp Slots Evolved 10 | . . . . . 4 2 . . . . . 2 . . . . . . 2 . Power 1 | . . . . . . . . . . . . 1 . . . . . . . . Propulsion 4 | . . . . . 2 2 . . . . . . . . . . . . . . Utility 5 | . . . . . 2 . . . . . . 1 . . . . . . 2 . Weapon . | . . . . . . . . . . . . . . . . . . . . . Parts Attached 127 | 2 7 10 2 . 40 7 1 4 5 1 4 4 13 9 . 4 . 9 5 . Power 12 | . 1 . . . 7 . . . . 1 . 1 1 . . . . 1 . . Engine 9 | . 1 . . . 6 . . . . 1 . . . . . . . 1 . . Core 2 | . . . . . 1 . . . . . . 1 . . . . . . . . Reactor 1 | . . . . . . . . . . . . . 1 . . . . . . . Propulsion 35 | . 4 2 1 . 12 3 1 . . . . 1 7 . . . . 2 2 . Treads 19 | . 2 2 . . 4 . . . . . . . 7 . . . . 2 2 . Leg 2 | . 2 . . . . . . . . . . . . . . . . . . . Wheel 7 | . . . 1 . 6 . . . . . . . . . . . . . . . Hover . | . . . . . . . . . . . . . . . . . . . . . Flight 7 | . . . . . 2 3 1 . . . . 1 . . . . . . . . Utility 40 | 2 1 1 1 . 11 2 . 1 3 . 2 2 4 6 . 1 . 1 2 . Device 15 | 2 . . . . 2 1 . 1 1 . 1 2 1 1 . . . 1 2 . Storage 6 | . 1 . 1 . 2 . . . . . 1 . 1 . . . . . . . Processor 2 | . . . . . 1 1 . . . . . . . . . . . . . . Hackware 3 | . . . . . 1 . . . . . . . . 2 . . . . . . Protection 14 | . . 1 . . 5 . . . 2 . . . 2 3 . 1 . . . . Artifact . | . . . . . . . . . . . . . . . . . . . . . Weapon 40 | . 1 7 . . 10 2 . 3 2 . 2 . 1 3 . 3 . 5 1 . Energy Gun 3 | . 1 1 . . . . . . . . . . . . . 1 . . . . Energy Cannon 1 | . . . . . . . . . . . . . . . . . . 1 . . Ballistic Gun 10 | . . 1 . . 3 . . 1 . . 1 . . 1 . 1 . 2 . . Ballistic Cannon 8 | . . 3 . . 5 . . . . . . . . . . . . . . . Launcher 10 | . . 2 . . 1 1 . 1 2 . . . . . . . . 2 1 . Special Weapon 1 | . . . . . . . . . . . . . . . . 1 . . . . Impact Weapon 6 | . . . . . 1 1 . 1 . . 1 . . 2 . . . . . . Slashing Weapon . | . . . . . . . . . . . . . . . . . . . . . Piercing Weapon 1 | . . . . . . . . . . . . . 1 . . . . . . . Special Melee Weapon . | . . . . . . . . . . . . . . . . . . . . . Unidentified Prototypes 4 | . . . . . 2 . 1 . . . . . . . . 1 . . . . Parts Lost 37 | . 2 3 . . 12 . . . . 4 . . . . . 1 . 2 11 2 Power 7 | . 1 . . . 2 . . . . 2 . . . . . . . 1 1 . Propulsion 13 | . . 1 . . 6 . . . . . . . . . . . . 1 5 . Utility 7 | . . . . . 1 . . . . 1 . . . . . 1 . . 2 2 Weapon 10 | . 1 2 . . 3 . . . . 1 . . . . . . . . 3 . Highest Loss Streak 6 | . 2 2 . . 4 . . . . 3 . . . . . 1 . 1 6 1 To Critical Strikes 2 | . . . . . 1 . . . . . . . . . . . . . 1 . Average Slot Usage (%) 83 | . 99 99 100 100 84 75 69 71 71 64 63 59 78 75 75 74 75 82 76 26 Engine 6 | . 13 14 14 14 6 7 7 7 7 5 . . 1 . . . . . . . Core 2 | . . . . . 2 . . . . . . 1 6 6 6 6 6 6 . . Reactor 1 | . . . . . . . . . . . . . 3 6 6 6 6 1 4 2 Treads 13 | . 4 27 20 14 10 . . . . . . . 19 18 18 18 18 24 21 . Leg 3 | . 23 . . . . . . . . . . . . . . . . . 2 5 Wheel 3 | . . . 7 14 13 . . . . . . . . . . . . . . . Flight 3 | . . . . . 1 22 21 21 21 21 21 18 3 . . . . . . . Device 10 | . 14 14 . . 3 14 11 14 13 7 13 14 13 12 12 12 12 12 15 9 Storage 9 | . 14 14 14 14 9 7 7 7 7 7 7 6 6 6 6 6 6 6 9 2 Processor 4 | . . . . . 5 6 7 7 7 7 7 6 6 6 6 6 6 6 5 5 Hackware 1 | . . . . . 3 . . . . . . . . 1 6 3 . . . . Protection 4 | . . . 14 14 11 . . . . 4 . . 4 4 . 2 6 6 1 . Energy Gun 2 | . 14 9 . . . . . . . . . . . . . . . . . . Ballistic Gun 7 | . 14 13 14 14 3 . . 7 6 . 7 6 6 7 6 5 6 . . . Ballistic Cannon 4 | . . 3 14 14 14 6 . . . . . . . . . . . . . . Impact Weapon 2 | . . . . . . 6 7 6 6 . 6 6 . 3 6 6 6 6 3 . Naked Turns . | . . . . . . . . . . . . . . . . . . . . . Heaviest Build 117 | 13 30 34 54 54 69 59 54 58 58 58 51 48 86 86 81 86 86 89 117 43 Greatest Support 215 | 20 40 40 40 12 60 60 60 60 60 60 55 60 215 215 215 215 215 215 205 30 Greatest Overweight (x) 14 | . 1 1 4 4 6 . . . . . . . . . . . . . 14 1 Average Overweight (x) . | . . . 2 4 2 . . . . . . . . . . . . . . . Largest Inventory Capacity 20 | 8 15 15 20 20 20 20 20 20 20 20 20 15 20 20 20 20 20 20 20 5 Average Capacity 18 | 8 13 15 17 20 19 20 20 20 20 20 15 15 18 20 20 20 20 20 19 5 Most Carried 20 | 7 15 15 20 20 20 20 18 20 20 18 17 15 20 20 20 20 19 19 20 5 Average Carried 17 | 6 12 14 16 19 19 17 17 17 19 15 15 14 17 19 20 19 19 17 18 5 Final Capacity 20 | 8 15 15 20 20 20 20 20 20 20 20 15 15 20 20 20 20 20 20 5 5 Final Carried 20 | 7 14 13 20 20 19 18 18 20 15 18 15 15 20 20 20 19 19 19 5 5 Class Distribution -------------------- 49% | Mutant 25% | Scavenger-Assassin 12% | Scout 7% | Scavenger-Mutant Dominant Class ---------------- Mutant | -10/Materials Mutant | -10/Mines Mutant | -10/Exiles Mutant | -9/Mines Mutant | -8/Materials Scout | -7/Factory Mutant | -7/Lower Caves Scout | -7/Lower Caves Scout | -7/Zion Mutant | -7/Deep Caves Scout | -6/Proximity Caves Scout | -6/Factory Scavenger-Assassin | -6/Waste Scavenger-Assassin | -6/Factory Scavenger-Assassin | -6/Lower Caves Scavenger-Assassin | -6/Lower Caves Scavenger-Assassin | -6/Data Miner Mutant | -5/Proximity Caves Golem | -5/Factory Mutant | -5/Upper Caves Resources | -11 -10 -10 -10 -9 -8 -7 -7 -7 -7 -7 -6 -6 -6 -6 -6 -6 -6 -5 -5 -5 ----------- Run | Jun Mat Min Exi Min Mat Fac Low Low Zio Dee Pro Fac Was Fac Low Low Dat Pro Fac Upp Matter Collected 3030 | 225 405 93 . 99 1365 113 28 105 . . 70 19 167 121 10 40 . 106 49 15 Remotely 10 | 10 . . . . . . . . . . . . . . . . . . . . Salvage Created 3649 | 122 445 314 . . 985 113 . 238 . . . 19 296 169 . 313 . 195 440 . Parts 173 | 5 29 15 . . 62 . . 15 . . . . 5 11 . 5 . 4 22 . Haulers Intercepted 6 | . 2 . . . 3 . . . . . . . . . . . . . 1 . Recyclers Shooed 12 | . 1 1 . . 1 . . . . . . . . 3 . . . . 6 . Parts Field Recycled . | . . . . . . . . . . . . . . . . . . . . . Retrieved Matter . | . . . . . . . . . . . . . . . . . . . . . Parts Self-Destructed 58 | . . . . . . . . 7 . . 3 . . . 3 32 . 10 . 3 Prevented 3 | . . . . . . . . . . . . . . . 3 . . . . . Kills | -11 -10 -10 -10 -9 -8 -7 -7 -7 -7 -7 -6 -6 -6 -6 -6 -6 -6 -5 -5 -5 ------- Run | Jun Mat Min Exi Min Mat Fac Low Low Zio Dee Pro Fac Was Fac Low Low Dat Pro Fac Upp Combat Hostiles Destroyed 74 | . 6 16 . . 25 . . 6 . . . . . 4 . 6 . 4 7 . Guns 30 | . 6 2 . . 6 . . 6 . . . . . 4 . 6 . . . . Cannons 23 | . . . . . 19 . . . . . . . . . . . . 1 3 . AOE 20 | . . 14 . . . . . . . . . . . . . . . 3 3 . Classes Destroyed 14 | 2 6 2 . . 3 . . 1 . . . . . . . . . . . . Worker 4 | . 1 . . . 2 . . . . . . . . . . . . . 1 . Builder 5 | . 2 . . . 2 . . . . . . . . . . . . . 1 . Tunneler 4 | 1 . . . . 2 . . . . . . 1 . . . . . . . . Hauler 6 | . 2 . . . 3 . . . . . . . . . . . . . 1 . Recycler 7 | 1 1 2 . . 2 1 . . . . . . . . . . . . . . Operator 4 | . 1 . . . 1 2 . . . . . . . . . . . . . . Watcher 3 | . . . . . 1 . . . . . . . . 1 . . . . 1 . Swarmer 15 | . 3 . . . 7 . . . . . . . . 3 . 2 . . . . Grunt 25 | . 3 . . . 11 . . 3 . . . . . . . 1 . 3 4 . Duelist 3 | . . . . . 1 . . . . . . . . 1 . . . 1 . . Sentry 8 | . . 2 . . 5 . . . . . . . . . . 1 . . . . Hunter 6 | . . . . . 1 . . . . . . . . . . 2 . . 3 . Master Thief 3 | . . . . . . . . 3 . . . . . . . . . . . . Assembled 14 | . . 14 . . . . . . . . . . . . . . . . . . Best Kill Streak 11 | 1 5 11 . . 6 1 . 3 . . . 1 . 2 . 2 . 4 4 . Combat Bots Only 11 | . 5 11 . . 4 . . 3 . . . . . 2 . 2 . 4 3 . Max Kills in Single Turn 3 | 1 1 3 . . 1 1 . 1 . . . 1 . 1 . 1 . 2 1 . Gunslinging . | . . . . . . . . . . . . . . . . . . . . . Exploded 3 | . . 3 . . . . . . . . . . . . . . . 2 1 . Melee . | . . . . . . . . . . . . . . . . . . . . . Uniques/NPCs Destroyed . | . . . . . . . . . . . . . . . . . . . . . Combat | -11 -10 -10 -10 -9 -8 -7 -7 -7 -7 -7 -6 -6 -6 -6 -6 -6 -6 -5 -5 -5 -------- Run | Jun Mat Min Exi Min Mat Fac Low Low Zio Dee Pro Fac Was Fac Low Low Dat Pro Fac Upp Damage Taken 9172 | . 444 534 . . 1893 51 . 13 . 864 . . . 656 . 391 . 586 2572 1168 Core 1630 | . 138 80 . . 235 . . 13 . 103 . . . 15 . . . 43 249 754 Absorbed by Shields . | . . . . . . . . . . . . . . . . . . . . . Redirected to Shielding 73 | . . . . . . . . . . 73 . . . . . . . . . . Regen/Repaired (Parts) 254 | . . . . . . . . . . . . . . 254 . . . . . . Core Remaining (%) 69 | 100 . . . 12 57 . . . . . 83 . . . . . . 93 . . Volleys Fired 264 | 5 45 20 . . 113 9 . 2 . 1 . . . 7 . . . 11 51 . Largest 2 | 2 2 2 . . 2 1 . 1 . 2 . . . 1 . . . 1 2 . Hottest 120 | 70 70 60 . . 78 39 . 36 . 72 . . . 23 . . . 120 50 . Shots Fired 551 | 10 90 26 . . 209 9 . 58 . 2 1 . . 30 . 41 . 12 63 . Gun 300 | 10 90 17 . . 54 . . 56 . . 1 . . 30 . 41 . 1 . . Cannon 212 | . . 1 . . 149 6 . . . . . . . . . . . 9 47 . Launcher 39 | . . 8 . . 6 3 . 2 . 2 . . . . . . . 2 16 . Special . | . . . . . . . . . . . . . . . . . . . . . Kinetic 395 | 5 45 7 . . 203 6 . 56 . . 1 . . 30 . 41 . 1 . . Thermal 80 | 5 19 . . . . . . . . . . . . . . . . 9 47 . Explosive 39 | . . 8 . . 6 3 . 2 . 2 . . . . . . . 2 16 . Electromagnetic 37 | . 26 11 . . . . . . . . . . . . . . . . . . Robot Hit Streak 14 | 2 5 9 . . 13 2 . 14 . . 7 . . 11 . 11 . 11 5 . Robot Miss Streak 9 | 2 9 1 . . 5 1 . 9 . . . . . 2 . 2 . . 2 . Penetration Max . | . . . . . . . . . . . . . . . . . . . . . Secondary Targets 1 | . . 1 . . . . . . . . . . . . . . . . . . Max Gunslinging Chain 1 | . . 1 . . . . . . . . . . . . . . . . . . Autonomous 124 | . . . . . . . . 56 . . 1 . . 24 . 41 . 2 . . Shots Hit Robots 357 | 5 49 22 . . 132 4 1 32 . . 1 1 10 24 . 33 . 11 32 . Core Hits 199 | 3 23 39 . . 63 1 . 11 . 2 . . 2 8 . 10 . 13 24 . Critical Kills . | . . . . . . . . . . . . . . . . . . . . . Critical Parts Destroyed 3 | . . . . . 1 1 . . . . . . . 1 . . . . . . Critical Strikes 6 | . 1 . . . 2 1 . . . . . . . 1 . 1 . . . . Destroy 3 | . . . . . 1 . . . . . . . . 1 . 1 . . . . Blast 1 | . . . . . 1 . . . . . . . . . . . . . . . Corrupt 1 | . 1 . . . . . . . . . . . . . . . . . . . Smash 1 | . . . . . . 1 . . . . . . . . . . . . . . Melee Attacks 52 | . . . . . 1 13 2 1 8 . . 3 10 11 . 1 . . 2 . Impact 42 | . . . . . 1 13 2 1 8 . . 3 . 11 . 1 . . 2 . Slashing . | . . . . . . . . . . . . . . . . . . . . . Piercing 10 | . . . . . . . . . . . . . 10 . . . . . . . Sneak Attacks 4 | . . . . . . 2 . . . . . 1 . . . . . . 1 . Combat Hostiles . | . . . . . . . . . . . . . . . . . . . . . Follow-up Attacks . | . . . . . . . . . . . . . . . . . . . . . Damage Inflicted 11133 | 59 746 1123 . . 2822 264 58 995 . 19 48 115 358 715 . 906 . 573 2309 23 Guns 4167 | 59 636 190 . . 589 . . 995 . . 48 . . 715 . 906 . 29 . . Cannons 3478 | . . 16 . . 1811 40 . . . . . . . . . . . 326 1285 . Explosions 2662 | . 110 917 . . 422 . . . . 19 . . . . . . . 218 976 . Melee 803 | . . . . . . 224 58 . . . . 115 358 . . . . . 48 . Ramming 23 | . . . . . . . . . . . . . . . . . . . . 23 Kinetic 5555 | 22 324 76 . . 2400 40 . 995 . . 48 . . 715 . 906 . 29 . . Thermal 1815 | 37 167 . . . . . . . . . . . . . . . . 326 1285 . Explosive 2637 | . 85 917 . . 422 . . . . 19 . . . . . . . 218 976 . Electromagnetic 300 | . 170 130 . . . . . . . . . . . . . . . . . . Impact 445 | . . . . . . 224 58 . . . . 115 . . . . . . 48 . Slashing . | . . . . . . . . . . . . . . . . . . . . . Piercing 358 | . . . . . . . . . . . . . 358 . . . . . . . Highest Corruption 13 | . . . . . 5 . . . . . . . . . . . . . 13 13 Average Corruption 2 | . . . . . 2 . . . . . . . . . . . . . 7 13 Corruption Purged . | . . . . . . . . . . . . . . . . . . . . . Corruption Blocked . | . . . . . . . . . . . . . . . . . . . . . Effects 32 | . . . . . 25 . . . . . . . . . . . . . 1 6 Message Errors 5 | . . . . . 4 . . . . . . . . . . . . . . 1 Matter Fused 9 | . . . . . 8 . . . . . . . . . . . . . . 1 Heat Flow Errors 1 | . . . . . 1 . . . . . . . . . . . . . . . Energy Discharges 7 | . . . . . 5 . . . . . . . . . . . . . . 2 Parts Rejected 1 | . . . . . 1 . . . . . . . . . . . . . . . Parts Fused 1 | . . . . . 1 . . . . . . . . . . . . . . . Data Loss (minor) 3 | . . . . . 2 . . . . . . . . . . . . . 1 . Data Loss (major) 2 | . . . . . 1 . . . . . . . . . . . . . . 1 Alerts 2 | . . . . . 2 . . . . . . . . . . . . . . . Misdirections 1 | . . . . . . . . . . . . . . . . . . . . 1 Overload Shots . | . . . . . . . . . . . . . . . . . . . . . Overflow Damage 535 | . 73 30 . . 63 199 . . . . . 75 9 . . . . 2 84 . Projectiles 96 | . . . . . 52 . . . . . . . . . . . . . 44 . Explosions 128 | . 73 30 . . 11 . . . . . . . . . . . . 2 12 . Melee 311 | . . . . . . 199 . . . . . 75 9 . . . . . 28 . Knockbacks 22 | . . 1 . . 19 . 1 . . . . 1 . . . . . . . . Impact 2 | . . . . . . . 1 . . . . 1 . . . . . . . . Kinetic 18 | . . 1 . . 17 . . . . . . . . . . . . . . . Secondary 2 | . . . . . 2 . . . . . . . . . . . . . . . Self-Inflicted Damage 561 | . 189 175 . . 47 35 . . . . . . . . . . . 19 96 . Shots 14 | . 3 5 . . 2 1 . . . . . . . . . . . 1 2 . Rammed . | . . . . . . . . . . . . . . . . . . . . . Targets Rammed 10 | . . . . . . . . . . . . . . . . . . . . 10 Kicked 10 | . . . . . . . . . . . . . . . . . . . . 10 Crushed . | . . . . . . . . . . . . . . . . . . . . . Highest Temperature 366 | 18 96 54 . . 366 32 . . . 16 . . 4 20 . 8 2 235 . . Average Temperature 21 | 9 38 26 . . 64 14 . . . 7 . . 1 1 . 1 1 99 . . Received Heat Transfer 1927 | . 90 132 . . 882 . . 9 . 181 . . . 75 . 39 . 126 258 135 Effects 1 | . . . . . 1 . . . . . . . . . . . . . . . Shutdowns 1 | . . . . . 1 . . . . . . . . . . . . . . . Siege Activations . | . . . . . . . . . . . . . . . . . . . . . Robots Corrupted . | . . . . . . . . . . . . . . . . . . . . . Combat Hostiles . | . . . . . . . . . . . . . . . . . . . . . Parts Fried 7 | . 1 . . . . 5 . . . . . 1 . . . . . . . . Impact Corruptions 10 | . . . . . . 6 . . . . . 3 . . . . . . 1 . Robots Melted 1 | . . . . . . . . . . . . . . . . . . . 1 . Combat Hostiles 1 | . . . . . . . . . . . . . . . . . . . 1 . Parts Melted 4 | . . . . . . . . . . . . . . . . 1 . 1 2 . Heat Transferred 2038 | 111 457 . . . . . . . . . . . . . . . . 720 750 . Parts Sabotaged 1 | . . . . . . . . . . . . . . . . . . . 1 . Parts Stolen 1 | . . . . . . . 1 . . . . . . . . . . . . . Parts Stripped . | . . . . . . . . . . . . . . . . . . . . . Power Chain Reactions 1 | . 1 . . . . . . . . . . . . . . . . . . . Missiles Intercepted . | . . . . . . . . . . . . . . . . . . . . . Alert | -11 -10 -10 -10 -9 -8 -7 -7 -7 -7 -7 -6 -6 -6 -6 -6 -6 -6 -5 -5 -5 ------- Run | Jun Mat Min Exi Min Mat Fac Low Low Zio Dee Pro Fac Was Fac Low Low Dat Pro Fac Upp Peak Influence 613 | 10 230 67 . . 395 286 . . . . . 44 15 613 . . . . 260 . Initial 149 | . 6 . . . . 149 . . . . . 37 15 . . . . . . . Average 120 | 5 49 17 . . 179 196 . . . . . 41 11 314 . . . . 50 . Maximum Alert Level 2 | . 1 . . . 1 1 . . . . . . . 2 . . . . 1 . Low Security (%) 75 | 100 89 100 . 100 60 54 . . . . . 100 100 38 . . . . 89 . Level 1 16 | . 10 . . . 39 45 . . . . . . . 14 . . . . 10 . Level 2 7 | . . . . . . . . . . . . . . 46 . . . . . . Level 3 . | . . . . . . . . . . . . . . . . . . . . . Level 4 . | . . . . . . . . . . . . . . . . . . . . . Level 5 . | . . . . . . . . . . . . . . . . . . . . . High Security . | . . . . . . . . . . . . . . . . . . . . . Max Security . | . . . . . . . . . . . . . . . . . . . . . Squads Dispatched 19 | . 2 . . . 5 3 . . . . . . . 7 . . . . 2 . Investigation 6 | . 2 . . . 2 1 . . . . . . . . . . . . 1 . Extermination 1 | . . . . . . . . . . . . . . 1 . . . . . . Reinforcement 7 | . . . . . 3 2 . . . . . . . 1 . . . . 1 . Assault 1 | . . . . . . . . . . . . . . 1 . . . . . . Garrison 4 | . . . . . . . . . . . . . . 4 . . . . . . Intercept . | . . . . . . . . . . . . . . . . . . . . . Searches Triggered . | . . . . . . . . . . . . . . . . . . . . . Data Miner Redirects 2 | . . . . . . . . . . . . . . . . . . . 2 . Construction Impeded 1 | . . . . . 1 . . . . . . . . . . . . . . . Haulers Reinforced 1 | . . . . . . . . . . . . . . . . . . . 1 . Active Scanning Responses . | . . . . . . . . . . . . . . . . . . . . . Cargo Convoy Interrupts 1 | . . . . . . . . . . . . . . . . . . . 1 . Stealth | -11 -10 -10 -10 -9 -8 -7 -7 -7 -7 -7 -6 -6 -6 -6 -6 -6 -6 -5 -5 -5 --------- Run | Jun Mat Min Exi Min Mat Fac Low Low Zio Dee Pro Fac Was Fac Low Low Dat Pro Fac Upp Distress Signals 6 | . . 1 . . 2 1 . . . . . . . 1 . . . . 1 . Communications Jammed . | . . . . . . . . . . . . . . . . . . . . . Distress Signals . | . . . . . . . . . . . . . . . . . . . . . Times Spotted 210 | . 12 18 . . 39 10 1 10 . 35 1 . . 23 . 12 . 10 29 10 Peak Tracking Total 42 | . 5 11 . . 6 4 2 3 . 42 4 . . 4 . 5 . 4 16 8 Tactical Retreats 19 | . . . . . 6 3 . 2 . 2 1 . . . . 2 . 1 . 2 Traps | -11 -10 -10 -10 -9 -8 -7 -7 -7 -7 -7 -6 -6 -6 -6 -6 -6 -6 -5 -5 -5 ------- Run | Jun Mat Min Exi Min Mat Fac Low Low Zio Dee Pro Fac Was Fac Low Low Dat Pro Fac Upp Traps Triggered 6 | . . . . . 2 . . . . . . 1 . 2 . . . . 1 . Indirectly . | . . . . . . . . . . . . . . . . . . . . . Trap Hack Attempts . | . . . . . . . . . . . . . . . . . . . . . Triggered . | . . . . . . . . . . . . . . . . . . . . . Disarmed . | . . . . . . . . . . . . . . . . . . . . . Reprogrammed . | . . . . . . . . . . . . . . . . . . . . . Reused . | . . . . . . . . . . . . . . . . . . . . . Traps Extracted . | . . . . . . . . . . . . . . . . . . . . . Installed . | . . . . . . . . . . . . . . . . . . . . . Triggered 2 | . . . . . . . . 1 . . 1 . . . . . . . . . Machines | -11 -10 -10 -10 -9 -8 -7 -7 -7 -7 -7 -6 -6 -6 -6 -6 -6 -6 -5 -5 -5 ---------- Run | Jun Mat Min Exi Min Mat Fac Low Low Zio Dee Pro Fac Was Fac Low Low Dat Pro Fac Upp Machines Disabled 15 | . 5 . . . . 1 . . . 1 . . . 1 . 1 . . 6 . Max in Single Turn 2 | . 2 . . . . 1 . . . 1 . . . 1 . 1 . . 2 . Garrison Access 5 | . . . . . 1 1 . . . . . . . 3 . . . . . . Machines Repaired . | . . . . . . . . . . . . . . . . . . . . . Machines Sabotaged . | . . . . . . . . . . . . . . . . . . . . . Overloaded Fab Kills . | . . . . . . . . . . . . . . . . . . . . . Hacking | -11 -10 -10 -10 -9 -8 -7 -7 -7 -7 -7 -6 -6 -6 -6 -6 -6 -6 -5 -5 -5 --------- Run | Jun Mat Min Exi Min Mat Fac Low Low Zio Dee Pro Fac Was Fac Low Low Dat Pro Fac Upp Machines Accessed 36 | . 8 . 2 . 8 6 . . . . . . . 7 . . 4 . 1 . Terminals 18 | . 6 . . . 5 4 . . . . . . . 2 . . . . 1 . Fabricators . | . . . . . . . . . . . . . . . . . . . . . Repair Stations 1 | . . . . . . . . . . . . . . 1 . . . . . . Recycling Units 6 | . 2 . . . 2 1 . . . . . . . 1 . . . . . . Scanalyzers . | . . . . . . . . . . . . . . . . . . . . . Garrison Access 5 | . . . . . 1 1 . . . . . . . 3 . . . . . . Total Hacks 101 | . 24 . 2 . 15 13 . . . . . . . 13 . . 31 . 3 . Successful 60 | . 10 . 2 . 9 2 . . . . . . . 4 . . 31 . 2 . Failed 40 | . 13 . . . 6 11 . . . . . . . 9 . . . . 1 . Catastrophic 12 | . 4 . . . 2 3 . . . . . . . 3 . . . . . . Database Lockouts 1 | . 1 . . . . . . . . . . . . . . . . . . . Manual 36 | . 16 . 1 . 4 9 . . 1 . . . . 3 . 1 . . 1 . Terminals 47 | . 20 . . . 9 9 . . . . . . . 6 . . . . 3 . Fabricators . | . . . . . . . . . . . . . . . . . . . . . Repair Stations 1 | . . . . . . . . . . . . . . 1 . . . . . . Recycling Units 11 | . 4 . . . 4 2 . . . . . . . 1 . . . . . . Scanalyzers . | . . . . . . . . . . . . . . . . . . . . . Garrison Access 9 | . . . . . 2 2 . . . . . . . 5 . . . . . . Terminal Hacks 51 | . 8 . 2 . 6 . . . . . . . . 2 . . 31 . 2 . Record 14 | . . . 1 . 1 . . . . . . . . . . . 11 . 1 . Part Schematic 10 | . . . . . . . . . . . . . . . . . 10 . . . Robot Schematic 7 | . . . . . . . . . . . . . . . . . 7 . . . Robot Analysis 2 | . 1 . . . 1 . . . . . . . . . . . . . . . Prototype ID Bank 3 | . . . . . . . . . . . . . . . . . 3 . . . Branch Access Points 2 | . . . . . 1 . . . . . . . . 1 . . . . . . Unreport Threat 3 | . 2 . . . . . . . . . . . . 1 . . . . . . Locate Traps 4 | . 3 . . . 1 . . . . . . . . . . . . . . . Recall Investigation 1 | . 1 . . . . . . . . . . . . . . . . . . . Zone Layout 4 | . 1 . . . 2 . . . . . . . . . . . . . 1 . Derelict Proto ID Bank 1 | . . . 1 . . . . . . . . . . . . . . . . . Fabricator Hacks . | . . . . . . . . . . . . . . . . . . . . . Repair Station Hacks . | . . . . . . . . . . . . . . . . . . . . . Recycling Unit Hacks 5 | . 2 . . . 2 1 . . . . . . . . . . . . . . Retrieve Components 5 | . 2 . . . 2 1 . . . . . . . . . . . . . . Scanalyzer . | . . . . . . . . . . . . . . . . . . . . . Garrison Access Hacks 4 | . . . . . 1 1 . . . . . . . 2 . . . . . . Seal Access 4 | . . . . . 1 1 . . . . . . . 2 . . . . . . Unauthorized Hacks . | . . . . . . . . . . . . . . . . . . . . . Terminals . | . . . . . . . . . . . . . . . . . . . . . Fabricators . | . . . . . . . . . . . . . . . . . . . . . Repair Stations . | . . . . . . . . . . . . . . . . . . . . . Recycling Units . | . . . . . . . . . . . . . . . . . . . . . Scanalyzers . | . . . . . . . . . . . . . . . . . . . . . Garrison Access . | . . . . . . . . . . . . . . . . . . . . . Data Cores Recovered 1 | . 1 . . . . . . . . . . . . . . . . . . . Used . | . . . . . . . . . . . . . . . . . . . . . Hacking Detections 25 | . 7 . . . 5 6 . . . . . . . 6 . . . . 1 . Full Trace Events 4 | . 2 . . . 1 1 . . . . . . . . . . . . . . Feedback Events . | . . . . . . . . . . . . . . . . . . . . . Feedback Blocked . | . . . . . . . . . . . . . . . . . . . . . Robot Schematics Acquired 10 | . . . . . . . . . 3 . . . . . . . 7 . . . Robots Built . | . . . . . . . . . . . . . . . . . . . . . Authchips . | . . . . . . . . . . . . . . . . . . . . . Time . | . . . . . . . . . . . . . . . . . . . . . Total Robot Build Rating . | . . . . . . . . . . . . . . . . . . . . . Part Schematics Acquired 25 | . . . . . . . . . 15 . . . . . . . 10 . . . Parts Built . | . . . . . . . . . . . . . . . . . . . . . Authchips . | . . . . . . . . . . . . . . . . . . . . . Time . | . . . . . . . . . . . . . . . . . . . . . Total Part Build Rating . | . . . . . . . . . . . . . . . . . . . . . Parts Repaired . | . . . . . . . . . . . . . . . . . . . . . Time . | . . . . . . . . . . . . . . . . . . . . . Parts Recycled . | . . . . . . . . . . . . . . . . . . . . . Recycled Matter . | . . . . . . . . . . . . . . . . . . . . . Retrieved Matter . | . . . . . . . . . . . . . . . . . . . . . Retrieved Components 35 | . 19 . . . 16 . . . . . . . . . . . . . . . Parts Scanalyzed . | . . . . . . . . . . . . . . . . . . . . . Part Schematics Acquired . | . . . . . . . . . . . . . . . . . . . . . Parts Damaged . | . . . . . . . . . . . . . . . . . . . . . Bothacking | -11 -10 -10 -10 -9 -8 -7 -7 -7 -7 -7 -6 -6 -6 -6 -6 -6 -6 -5 -5 -5 ------------ Run | Jun Mat Min Exi Min Mat Fac Low Low Zio Dee Pro Fac Was Fac Low Low Dat Pro Fac Upp Used RIF Installer . | . . . . . . . . . . . . . . . . . . . . . Robots Hacked . | . . . . . . . . . . . . . . . . . . . . . Non-combat . | . . . . . . . . . . . . . . . . . . . . . Combat . | . . . . . . . . . . . . . . . . . . . . . Robot Hacks Applied . | . . . . . . . . . . . . . . . . . . . . . Relay Couplers Released 1 | . . . . . . . . . . . . . . 1 . . . . . . Machine Destruction 1 | . . . . . . . . . . . . . . 1 . . . . . . Fabnet Peak Effective % . | . . . . . . . . . . . . . . . . . . . . . Robots Rewired . | . . . . . . . . . . . . . . . . . . . . . Allies Hacked . | . . . . . . . . . . . . . . . . . . . . . Hacks Repelled . | . . . . . . . . . . . . . . . . . . . . . Allies | -11 -10 -10 -10 -9 -8 -7 -7 -7 -7 -7 -6 -6 -6 -6 -6 -6 -6 -5 -5 -5 -------- Run | Jun Mat Min Exi Min Mat Fac Low Low Zio Dee Pro Fac Was Fac Low Low Dat Pro Fac Upp Total Allies 22 | . . . . . . . . . . 1 . . 20 . . . . 1 . . Largest Group 20 | . . . . . . . . . . 1 . . 20 20 7 6 . 1 . . Highest-Rated Group 741 | . . . . . . . . . . 119 . . 741 741 263 236 . 96 . . Highest-Rated Ally 119 | . . . . . . . . . . 119 . . 50 50 46 46 . 96 . . Total Orders . | . . . . . . . . . . . . . . . . . . . . . Ally Attacks 146 | . . . . . . . . . . 5 . . . 98 . 31 . 12 . . Total Damage 3881 | . . . . . . . . . . 409 . . . 2378 . 859 . 235 . . Kills 35 | . . . . . . . . . . 2 . . . 24 . 7 . 2 . . Allies Corrupted 1 | . . . . . . . . . . . . . . . . 1 . . . . Allies Melted . | . . . . . . . . . . . . . . . . . . . . . Intel | -11 -10 -10 -10 -9 -8 -7 -7 -7 -7 -7 -6 -6 -6 -6 -6 -6 -6 -5 -5 -5 ------- Run | Jun Mat Min Exi Min Mat Fac Low Low Zio Dee Pro Fac Was Fac Low Low Dat Pro Fac Upp Robot Analysis Total 2 | . 1 . . . 1 . . . . . . . . . . . . . . . Derelict Logs Recovered 14 | . . 1 . 1 . . 1 2 2 . 2 . . . . 2 . 2 . 1 Drone Launches . | . . . . . . . . . . . . . . . . . . . . . Drone Recoveries . | . . . . . . . . . . . . . . . . . . . . . Exploration | -11 -10 -10 -10 -9 -8 -7 -7 -7 -7 -7 -6 -6 -6 -6 -6 -6 -6 -5 -5 -5 ------------- Run | Jun Mat Min Exi Min Mat Fac Low Low Zio Dee Pro Fac Was Fac Low Low Dat Pro Fac Upp Turns Passed 12567 | 66 1643 819 498 926 1925 540 132 295 406 109 187 110 520 1429 543 936 135 607 613 128 Spaces Moved 9955 | 30 849 464 319 539 926 1045 312 751 1080 303 276 158 450 807 324 512 82 346 244 138 Core 142 | . . . . . . . . . . . . . . . . . . . 34 108 Treads 3416 | . 147 464 143 . 150 . . . . . . . 231 807 324 512 82 346 210 . Legs 762 | 30 702 . . . . . . . . . . . . . . . . . . 30 Wheels 1473 | . . . 176 539 758 . . . . . . . . . . . . . . . Hover . | . . . . . . . . . . . . . . . . . . . . . Flight 4162 | . . . . . 18 1045 312 751 1080 303 276 158 219 . . . . . . . Fastest Speed 34 | 120 120 160 150 150 50 34 34 34 34 34 39 34 34 166 166 166 166 165 50 50 Average Speed 106 | 120 171 160 154 150 136 34 34 34 34 34 49 43 100 166 166 166 166 165 151 78 Slowest Speed 750 | 120 190 240 160 150 170 34 34 34 34 34 50 50 166 166 166 166 166 170 750 180 Overloaded Moves . | . . . . . . . . . . . . . . . . . . . . . Propulsion Burnouts . | . . . . . . . . . . . . . . . . . . . . . Robots Hopped 4 | . . . . . 1 3 . . . . . . . . . . . . . . Cave-ins Triggered . | . . . . . . . . . . . . . . . . . . . . . Exploration Rate (%) 51 | 3 96 48 71 80 62 29 47 65 85 68 44 5 96 24 52 58 70 56 10 18 Regions Visited 20 Branch Regions 13 Pre-discovered Areas 5 | . . . 1 1 . . . . 1 . . . . . . . 1 1 . . Known Exits Taken 12 | . . . . . . 1 1 1 1 1 1 . . 1 1 1 1 1 1 . Unknown Exits Taken 6 | 1 1 1 1 1 1 . . . . . . . . . . . . . . . Scrap Searched 15 | . . 1 . 1 . . 1 1 2 . 2 . . . 2 1 . 3 . 1 Spaces Dug 70 | . . . . . 1 11 1 1 3 . . 2 . 9 . . . . 42 . Terrain Destroyed 363 | . 70 37 . . 34 39 1 53 3 . . 2 . 14 . 11 . 19 80 . Melee 29 | . . . . . 1 11 1 1 3 . . 2 . 9 . . . . 1 . Projectile 66 | . . . . . 4 . . 31 . . . . . 5 . 11 . . 15 . AOE 268 | . 70 37 . . 29 28 . 21 . . . . . . . . . 19 64 . Terrain Rammed . | . . . . . . . . . . . . . . . . . . . . . Walls Destroyed . | . . . . . . . . . . . . . . . . . . . . . Machines Disabled . | . . . . . . . . . . . . . . . . . . . . . Actions | -11 -10 -10 -10 -9 -8 -7 -7 -7 -7 -7 -6 -6 -6 -6 -6 -6 -6 -5 -5 -5 --------- Run | Jun Mat Min Exi Min Mat Fac Low Low Zio Dee Pro Fac Was Fac Low Low Dat Pro Fac Upp Total 11450 | 49 950 510 323 657 1369 1201 336 785 1111 306 326 196 502 875 329 600 81 369 425 150 Wait 833 | 11 21 10 . 117 251 106 13 23 4 . 46 21 1 22 6 73 . . 106 2 Move 9928 | 29 848 463 318 538 923 1038 311 750 1079 302 275 158 449 806 323 511 81 345 243 138 Hop 4 | . . . . . 1 3 . . . . . . . . . . . . . . Pick Up 107 | 1 17 4 3 1 17 12 4 4 3 2 . 5 12 10 . 4 . 3 5 . Fast Attach 33 | 2 1 . . . 21 . . . . . . 2 4 1 . 1 . 1 . . Attach 56 | . 3 4 . . 12 4 2 2 4 1 3 2 6 3 . 3 . 4 3 . Detach 13 | . . . . . 1 . 1 1 3 . 1 . 2 1 . . . . 3 . Swap 39 | . 3 6 2 . 7 3 . 2 1 . 1 . 3 5 . . . 4 2 . Drop 109 | 1 12 3 . 1 22 11 3 . 9 . . 5 15 9 . 7 . 1 10 . Fire 264 | 5 45 20 . . 113 9 . 2 . 1 . . . 7 . . . 11 51 . Melee 52 | . . . . . 1 13 2 1 8 . . 3 10 11 . 1 . . 2 . Ram . | . . . . . . . . . . . . . . . . . . . . . Kick 10 | . . . . . . . . . . . . . . . . . . . . 10 Crush . | . . . . . . . . . . . . . . . . . . . . . Escape Stasis . | . . . . . . . . . . . . . . . . . . . . . Rewire 2 | . . . . . . 2 . . . . . . . . . . . . . . Trap . | . . . . . . . . . . . . . . . . . . . . . Miscellaneous . | . . . . . . . . . . . . . . . . . . . . . Route ------- -11/Junkyard -10/Materials (discovered 5 exits: [*Mat x3] / [*Min] / [*Sub]) -10/Mines (discovered 2 exits: [*Mat] / *Exi) -10/Exiles (discovered 2 exits: [*Min x2]) -9/Mines (discovered 2 exits: *Mat x2) -8/Materials (discovered 2 exits: *Fac x2) -7/Factory (discovered 4 exits: *Fac / *Sto / *Low x2) -7/Lower Caves -7/Lower Caves (discovered 2 exits: *Fac / *Zio) -7/Zion (discovered 2 exits: *Dee / [*Pro]) -7/Deep Caves -6/Proximity Caves -6/Factory (discovered 4 exits: Fac x2 / Low x2) -6/Waste -6/Factory (discovered 4 exits: *Low x2 / Ext x2) -6/Lower Caves -6/Lower Caves -6/Data Miner -5/Proximity Caves -5/Factory -5/Upper Caves History --------- Turn | Location | Event 7 | -11/Junkyard | Discovered new exit (range 3) 67 | -11/Junkyard | Entered Materials 101 | -10/Materials | Central database locked down 148 | -10/Materials | Met 8R-AWN 192 | -10/Materials | Discovered new exit (range 9) 301 | -10/Materials | Core integrity fell below 50% 316 | -10/Materials | Build established: Mutant 414 | -10/Materials | Discovered new exit (range 16) 1113 | -10/Materials | Discovered new exit (range 9) 1256 | -10/Materials | Discovered new exit (range 9) 1282 | -10/Materials | Discovered new exit (range 11) 1710 | -10/Materials | Entered Mines 1712 | -10/Mines | Followed 8R-AWN into the Mines 1775 | -10/Mines | Learned 4 Materials zone layouts 1808 | -10/Mines | Found a hidden stash of uninstalled traps 1844 | -10/Mines | Discovered new exit (range 5) 2189 | -10/Mines | Discovered new exit (range 8) 2401 | -10/Mines | Assembled infested the area 2445 | -10/Mines | Destroyed 11 combat bots 2462 | -10/Mines | Core integrity fell below 20% 2529 | -10/Mines | Entered Exiles 2571 | -10/Exiles | Welcomed by 8R-AWN 2582 | -10/Exiles | Discovered new exit (range 14) 2621 | -10/Exiles | Learned about 8R-AWN's background 2635 | -10/Exiles | Met EX-HEX 2688 | -10/Exiles | Met EX-BIN 2707 | -10/Exiles | Aligned with FarCom system 2709 | -10/Exiles | Given EX-Vault access code 2752 | -10/Exiles | Opened EX-Vault 2766 | -10/Exiles | Found Gui. Plasma Cannon 2768 | -10/Exiles | Found Flying Fortress v7 2774 | -10/Exiles | Found AWS/Gauss 2803 | -10/Exiles | Warned to stay clear of 0b10 Research branches 2850 | -10/Exiles | Met EX-DEC 2953 | -10/Exiles | Learned location of Zion (-7) 3007 | -10/Exiles | Discovered new exit (range 14) 3027 | -10/Exiles | Stole three prototypes: Flying Fortress v7, Gui. Plasma Cannon, AWS/Gauss 3027 | -10/Exiles | Entered Mines 3072 | -9/Mines | Met a Derelict bent on vengeance 3866 | -9/Mines | Discovered new exit (range 7) 3878 | -9/Mines | Discovered new exit (range 9) 3953 | -9/Mines | Entered Materials 3953 | -8/Materials | Evolved 4 slots: Propulsion x2, Utility x2 4719 | -8/Materials | Lost 4 parts (3n1w) 4914 | -8/Materials | Discovered new exit (range 10) 5610 | -8/Materials | Discovered new exit (range 13) 5815 | -8/Materials | Build established: Scavenger-Mutant 5878 | -8/Materials | Entered Factory 5878 | -7/Factory | Evolved 2 slots: Propulsion x2 5880 | -7/Factory | FarCom data flow suspended 6208 | -7/Factory | Discovered new exit (range 7) 6219 | -7/Factory | Build established: Scout 6223 | -7/Factory | Identified exit to Lower Caves 6233 | -7/Factory | Discovered exit to Lower Caves (range 16) 6314 | -7/Factory | Discovered new exit (range 5) 6315 | -7/Factory | Identified exit to Factory 6351 | -7/Factory | Discovered new exit (range 13) 6355 | -7/Factory | Identified exit to Storage 6418 | -7/Factory | Entered Lower Caves 6418 | -7/Lower Caves | Spotted 5C-01P(f) 6419 | -7/Lower Caves | Encountered a Master Thief 6452 | -7/Lower Caves | Xenon Bombardment Thruster stolen by Master Thief 6480 | -7/Lower Caves | Found Alien Artifact 6481 | -7/Lower Caves | Identified Core Expander 6481 | -7/Lower Caves | Installed Core Expander, added new Weapon slot 6544 | -7/Lower Caves | Discovered new exit (range 11) 6549 | -7/Lower Caves | Learned Factory stockpile data 6550 | -7/Lower Caves | Identified exit to Lower Caves 6550 | -7/Lower Caves | Entered another Lower Caves area 6553 | -7/Lower Caves | Discovered exit to Factory (range 11) 6585 | -7/Lower Caves | Encountered a Warlord checkpoint 6681 | -7/Lower Caves | Learned 8 Factory zone layouts 6758 | -7/Lower Caves | Spotted IW-Q2K(f) 6758 | -7/Lower Caves | Spotted EY-35D(f) 6759 | -7/Lower Caves | Encountered a Master Thief 6759 | -7/Lower Caves | Encountered a Master Thief 6760 | -7/Lower Caves | Spotted YR-AOO(f) 6761 | -7/Lower Caves | Encountered a Master Thief 6772 | -7/Lower Caves | Destroyed IW-Q2K(f) 6775 | -7/Lower Caves | Discovered new exit (range 9) 6778 | -7/Lower Caves | Identified exit to Zion 6807 | -7/Lower Caves | Destroyed YR-AOO(f) 6820 | -7/Lower Caves | Destroyed EY-35D(f) 6845 | -7/Lower Caves | Entered Zion 6863 | -7/Zion | Discovered new exit (range 16) 6874 | -7/Zion | Received a hallucinogenic algorithm 6977 | -7/Zion | Learned 8 Factory zone layouts 7054 | -7/Zion | Discovered new exit (range 5) 7055 | -7/Zion | Saw the warning signs outside the Deep Caves entrance 7080 | -7/Zion | Found CR-A16's Pointy Stick 7249 | -7/Zion | Identified exit to Deep Caves 7251 | -7/Zion | Entered Deep Caves 7252 | -7/Deep Caves | Met 5H-AD0 7285 | -7/Deep Caves | Z-Facility disabled 7315 | -7/Deep Caves | Spotted as-95710 7320 | -7/Deep Caves | Exposed GOLEM chamber 7321 | -7/Deep Caves | Triggered Deep Caves wall 7326 | -7/Deep Caves | Found GOLEM Unit 7327 | -7/Deep Caves | Found GOLEM Unit 7330 | -7/Deep Caves | Attacked by Z-Imprinter 7358 | -7/Deep Caves | Discovered new exit (range 6) 7360 | -7/Deep Caves | Identified exit to Proximity Caves 7360 | -7/Deep Caves | Entered Proximity Caves 7367 | -6/Proximity Caves | Learned Factory security intel 7368 | -6/Proximity Caves | Learned 4 Factory zone layouts 7369 | -6/Proximity Caves | Lost 3 parts (1p1u1w) 7529 | -6/Proximity Caves | Discovered exit to Factory (range 10) 7547 | -6/Proximity Caves | Entered Factory 7547 | -6/Factory | Evolved 2 slots: Power x1, Utility x1 7548 | -6/Factory | Identified exit to Lower Caves 7549 | -6/Factory | Identified exit to Factory 7657 | -6/Factory | Sucked down chute 7657 | -6/Factory | Entered Waste 7658 | -6/Waste | Joined by Warlord forces that had cleared the area 7987 | -6/Waste | Discovered new exit (range 12) 8121 | -6/Waste | Build established: Scavenger-Assassin 8174 | -6/Waste | Identified exit to Factory 8177 | -6/Waste | Entered Factory 8177 | -6/Factory | Accompanied by 20 allies 8199 | -6/Factory | Garrison activated, responded to threat 8720 | -6/Factory | Garrison activated, responded to threat 9093 | -6/Factory | Identified exit to Extension 9606 | -6/Factory | Entered Lower Caves 9606 | -6/Lower Caves | Accompanied by 7 allies 9731 | -6/Lower Caves | Encountered a Warlord checkpoint 10134 | -6/Lower Caves | Discovered new exit (range 10) 10147 | -6/Lower Caves | Identified exit to Lower Caves 10149 | -6/Lower Caves | Entered another Lower Caves area 10149 | -6/Lower Caves | Accompanied by 6 allies 10167 | -6/Lower Caves | Acquired the password to a Derelict Tinkerer's latest research 10180 | -6/Lower Caves | Found Prototype Special Weapon 10181 | -6/Lower Caves | Identified Molecular Deconstructor 10286 | -6/Lower Caves | Attracted the attention of an 0b10 checkpoint 10450 | -6/Lower Caves | Caught by Unaware searching for contraband prototypes 10706 | -6/Lower Caves | Learned Factory security intel 10916 | -6/Lower Caves | Discovered new exit (range 12) 10932 | -6/Lower Caves | Identified exit to Data Miner 10994 | -6/Lower Caves | Learned Factory stockpile data 11085 | -6/Lower Caves | Entered Data Miner 11085 | -6/Data Miner | Discovered new exit (range 6) 11117 | -6/Data Miner | Met Data Miner 11162 | -6/Data Miner | Learned location of Section 7 (-3) 11162 | -6/Data Miner | Acquired the access code to Warlord's prototype stash 11177 | -6/Data Miner | Received God Mode back door access code from Data Miner 11218 | -6/Data Miner | Identified exit to Proximity Caves 11220 | -6/Data Miner | Entered Proximity Caves 11222 | -5/Proximity Caves | Attracted the attention of an 0b10 checkpoint 11239 | -5/Proximity Caves | Escorted by Enhanced Grunt 11695 | -5/Proximity Caves | Build established: Mutant 11710 | -5/Proximity Caves | Learned location of 1 exit from Factory 11797 | -5/Proximity Caves | Discovered exit to Factory (range 15) 11827 | -5/Proximity Caves | Entered Factory 11827 | -5/Factory | Evolved 2 slots: Utility x2 11828 | -5/Factory | Identified exit to Upper Caves 12040 | -5/Factory | Incoming investigation squad redirected 12339 | -5/Factory | Build established: Golem 12398 | -5/Factory | Cargo convoy interrupted 12423 | -5/Factory | System corruption reached 10% 12428 | -5/Factory | Incoming assault squad redirected 12440 | -5/Factory | Entered Upper Caves 12442 | -5/Upper Caves | Attracted the attention of an 0b10 checkpoint 12465 | -5/Upper Caves | Lost 6 parts (1p3n1u1w) 12475 | -5/Upper Caves | Learned location of 1 exit from Factory 12495 | -5/Upper Caves | Core integrity fell below 50% 12505 | -5/Upper Caves | Attracted the attention of an 0b10 outpost 12523 | -5/Upper Caves | Core integrity fell below 20% 12568 | -5/Upper Caves | Destroyed by S-27 Virus with Autogun Last Messages --------------- 12514_ Penetrated by Slug. 12516_ Kicked L-41 Fighter out of the way. 12517_ Penetrated by Slug. 12517_ L-41 Fighter destroyed. 12518_ Kicked Y-72 Warden. 12520_ Penetrated by Slug. 12520_ Slug penetrates L-41 Fighter. 12521_ Imp. Melee Analysis Suite fries itself beyond repair. 12521_ Kicked Y-72 Warden. 12523_ Slug penetrates Wall. 12523_ Kicked Y-72 Warden. 12525_ System corrupted: Energy discharge (-28). 12525_ Kicked Y-72 Warden. 12529_ Kicked Y-72 Warden out of the way. 12529_ Penetrated by Slug. 12529_ Slug penetrates L-41 Fighter. 12533_ Imp. Deuterium Engine fries itself beyond repair. 12535_ Carbon-fiber Leg fries itself beyond repair. 12538_ GOLEM Unit destroyed. 12548_ System corrupted: Energy discharge (-33). Map ----- +----------------------------------------------------+ | ?????????????????????????????????????????????????? | | ?????????????????????????????????????????????????? | | ?????????????????????????????????????????????????? | | ?????????????????????????????????????????????????? | | ?????????????????????????????????????????????????? | | ?????????????????????????????????????????????????? | | ?????????????????????????????????????????????????? | | ?????????????????????????????????????????????????? | | ?????????????????????????????????????????????????? | | ?????????????????????????????????????????????????? | | ???????????????????????????????????????????????? ? | | ???????????????????????????????????????????????? | | ???????????????????????????????????????????????? | | ????????????????????????????????????????????????? | | ????????????????????????????????????????????????? | | ?????????????????????????????????????????????????? | | ?????????????????????????????????????????????????? | | ?????????????????????????????????????????????????? | | ??????????????????????###?????# ?????###????????? | | ??????????????????????# ##???# ????## #????????? | | ??????????????????????? #???# #??## #?????#### | | ??????????????????????? #???# #### ##????# | | ??????????????????????? #???# ? #????# | | ??????????????????????? ##### #??# ##???# ## | | ????????????????????????# ## #??# ###?# #? | | ???????????????????????##@ # ##??# ## ## #? | | ??????????????????????## l ##?### # # #? | | ??????????????????????# s #???# ## ####? | | ??????????????????????# gl ##??# #???? | | ??????????????????????#### ## #### # #???? | | ?????????????????????????## ### # #???? | | ??????????????????????????#Y## ##???? | | ??????????????????????????## ## ##????? | | ???????????????????????????## ## ##?????? | | ????????????????????????????# ## ###??????? | | ?????????????????????######## ##????????? | | ?????????????????????# ### #???? | | ?????????????????????# ###+#### #???? | | ?????????????????????# #" # # ##???? | | ?????????????????????# #" # #????? | | ?????????????????????# #" / #????? | | ?????????????????????# #" / #???? | | ?????????????????????# #" # ###???? | | ?????????????????????# #" # # ### ##?????? | | ???????????????????### ##"/#### ###?? ###??????? | | ???????????????????# " % #????# #????????? | | ???????????????????#####"########????? ???????? | | ??????????????????????#%##????????????? ??????? | | ?????????????????????# ##??????????????? ??????? | | ?????????????????????##??????????????????????????? | +----------------------------------------------------+ Best States ------------- Heat Dissipation 59 Energy Generation 45 Energy Capacity 1100 Matter Stores 300 Matter Capacity 300 Sight Range 16 Robot Scan Range 16 Terrain Scan Range 16 Terrain Scan Density 10 Armor Coverage 450 Propulsion Shielding 66 Evasion (%) 63 Recoil Reduction 6 Offensive Hacking 10 Defensive Hacking 10 Item Schematics ----------------- Beamcaster | -7/Zion | Archive Mak. Axe | -7/Zion | Archive Adv. Heat Sink | -7/Zion | Archive Imp. Salvage Targeting Computer | -7/Zion | Archive Hyp. Gauss Rifle | -7/Zion | Archive Matter Filter | -7/Zion | Archive Focal Shield | -7/Zion | Archive Remote Datajack | -7/Zion | Archive Imp. Medium Treads | -7/Zion | Archive Force Field | -7/Zion | Archive System Restoration Module | -7/Zion | Archive Imp. Medium Armor Plating | -7/Zion | Archive KE Penetrator | -7/Zion | Archive Lrn. Proton Cannon | -7/Zion | Archive Imp. Shield Generator | -7/Zion | Archive Combat Drone Bay | -6/Data Miner | Free Lgt. Regenerative Plating | -6/Data Miner | Free Cld. Gravmag System | -6/Data Miner | Free Prc. Matter Filter | -6/Data Miner | Free Tesla Bomb Launcher | -6/Data Miner | Free Imp. Force Booster | -6/Data Miner | Free Railgun | -6/Data Miner | Free Adv. Force Field | -6/Data Miner | Free Imp. Linear Gravjet | -6/Data Miner | Free Adv. Launcher Guidance Computer | -6/Data Miner | Free Robot Schematics ------------------ K-01 Serf | -7/Zion | Archive A-02 Transporter | -7/Zion | Archive X-82 Rainmaker | -7/Zion | Archive A-15 Conveyor | -6/Data Miner | Free S-27 Virus | -6/Data Miner | Free H-66 Slayer | -6/Data Miner | Free C-35 Carver | -6/Data Miner | Free L-61 Swordsman | -6/Data Miner | Free Y-64 Sentinel | -6/Data Miner | Free E-15 Imp | -6/Data Miner | Free Fabricated ------------ Nothing Alien Tech Used ----------------- Core Expander Achievements -------------- We Are Legion Challenges ------------ None Game ------ Seed UltimateGhostCanceller Manual? 0 Play Time 04:02:46 Cumulative 202.6 hours Start 2023.12.10 @ 14:59:42 End 2023.12.11 @ 14:48:19 Sessions 5 Manual Loads 0 Difficulty Rogue Special Mode None Game No. 119 Rogue 119 Adventurer 0 Explorer 0 Win Type - Total 4 Types 3/0/1/0/0/0/0/0/0 Lore% 55 Gallery% 55 Achievement% 53 Wizard Run 0 Options --------- ASCII 0 Keyboard 0 Movement Mouse Keybinds 0 Fullscreen 1 Font 18/SmallcapsGlow Map View 76x50 Tactical HUD 1 Map Filters NONE Filters NONE Steam 1 RUN: b8a93522-45cc-49c0-81d3-34ce44e7ce8a